 Dungeon Crawl Stone Soup version 0.27.1-3-gb3d3a73c9e (webtiles) character file.

Game seed: 2246001013713336173

163 Crownlay the Fighter (level 5, -4/51 HPs)
             Began as a Gnoll Wanderer on Oct 17, 2021.
             Was a Believer of Wu Jian.
             Slain by a mummy (7 damage)
             ... in an ossuary.
             The game lasted 00:04:11 (2970 turns).

Crownlay the Fighter (Gnoll Wanderer)               Turns: 2970, Time: 00:04:12

Health: -4/51      AC:  3    Str: 10    XL:     5   Next: 44%
Magic:  7/7        EV: 12    Int: 10    God:    Wu Jian [**....]
Gold:   181        SH:  0    Dex: 15    Spells: 7/7 levels left

rFire    . . .     SeeInvis .   a - +2 dagger
rCold    . . .     Faith    .   (no shield)
rNeg     . . .     Spirit   .   f - +1 robe
rPois    .         Reflect  .   (no helmet)
rElec    .         Harm     .   (no cloak)
rCorr    .         Rampage  .   (no gloves)
Will     .....                  (no boots)
Stlth    +++.......             (no amulet)
HPRegen  0.17/turn              (no ring)
MPRegen  0.10/turn              (no ring)

@: about to teleport
A: fangs 1, strong nose, distributed training
a: Renounce Religion, Wall Jump


You were in an ossuary.
You worshipped Wu Jian.
Wu Jian was pleased with you.
You visited 1 branch of the dungeon, and saw 4 of its levels.
You also visited: Ossuary.

You collected 181 gold pieces.

Inventory:

Hand Weapons
 a - a +2 dagger (weapon)
 c - a +0 shortbow
 r - a +0 short sword of venom
Missiles
 m - a throwing net (quivered)
Armour
 f - a +1 robe (worn)
Wands
 q - a wand of paralysis (12)
Scrolls
 e - 2 scrolls of teleportation
 g - a scroll of fear {unknown}
 h - 2 scrolls of enchant armour
 k - 2 scrolls of identify {unknown}
 s - a scroll of amnesia {unknown}
Potions
 b - a potion of heal wounds
 i - a potion of degeneration {unknown}
 j - 2 potions of attraction {unknown}
 l - 2 potions of lignification {unknown}
 n - 2 potions of curing {unknown}
 o - a potion of might {unknown}
 p - a potion of cancellation {unknown}


   Skills:
 + Level 8.6 Fighting
 + Level 1.5 Short Blades
 + Level 1.5 Long Blades
 + Level 1.5 Axes
 + Level 1.5 Maces & Flails
 + Level 6.7 Polearms
 + Level 1.5 Staves
 + Level 1.5 Slings
 + Level 3.0 Bows
 + Level 1.5 Crossbows
 + Level 1.5 Throwing
 + Level 1.5 Armour
 + Level 1.5 Dodging
 + Level 4.4 Stealth
 + Level 1.5 Shields
 + Level 1.5 Unarmed Combat
 + Level 1.5 Spellcasting
 + Level 1.2 Conjurations
 + Level 1.2 Hexes
 + Level 1.2 Summonings
 + Level 1.2 Necromancy
 + Level 1.2 Translocations
 + Level 1.2 Transmutations
 + Level 1.2 Fire Magic
 + Level 1.2 Ice Magic
 + Level 1.2 Air Magic
 + Level 1.2 Earth Magic
 + Level 1.2 Poison Magic
 + Level 1.7 Invocations
 + Level 1.5 Evocations


You had 7 spell levels left.
You didn't know any spells.
Your spell library contained the following spells:

 Spells                   Type           Power      Damage    Failure   Level
 Olgreb's Toxic Radiance  Pois           3%         N/A       89%         4
 Ozocubu's Refrigeration  Ice            1%         4d5       100%        7
 Ignition                 Fire           1%         3d3       100%        8


Dungeon Overview and Level Annotations

Branches:
Dungeon (4/15)            Ossuary (1/1)
 Temple: D:4-7

Altars:
Nemelex Xobeh
Wu Jian
Yredelemnul

Annotations:
D:4 2 transporters


Innate Abilities, Weirdness & Mutations

You have very sharp teeth.
Your uncanny sense of smell can sniff out nearby items.
Your experience applies equally to all skills.


Message History

You hit the mummy. You bite the mummy, but do no damage.
The mummy is severely damaged.
The hobgoblin zombie closely misses you.
The mummy hits you but does no damage. The mummy closely misses you.
You hit the mummy.
You destroy the mummy!
The Council accepts your kill.
You can now perform airborne attacks.
The mummy barely misses you.
The hobgoblin zombie closely misses you.
The mummy barely misses you.
Your Bows skill increases to level 3!
You hit the mummy. Your punch misses the mummy.
The mummy is lightly damaged.
The mummy hits you but does no damage.
You hit the mummy.
The mummy is lightly damaged.
The hobgoblin zombie completely misses you.
The mummy hits you.
The hobgoblin zombie closely misses you.
The mummy hits you!
* * * LOW HITPOINT WARNING * * *
You are too injured to fight recklessly!
You are too injured to fight recklessly!
You are too injured to fight recklessly!
You are too injured to fight recklessly!
You are too injured to fight recklessly!
Okay, then.
Okay, then.
As you read the scroll of teleportation, it crumbles to dust.
You feel strangely unstable. The mummy hits you!
* * * LOW HITPOINT WARNING * * *
The hobgoblin zombie hits you but does no damage. x2
The mummy closely misses you.
You spin and attack the mummy.
You hit the mummy. You bite the mummy, but do no damage.
The mummy is moderately damaged.
You spin and attack the mummy.
You hit the mummy.
The mummy is lightly damaged.
The mummy hits you!
You die...

...##....##....
...............
..............
............
#........#
#...Z..# #.ZZM#
#(M.M# #(.@.# ∆
#....# ∆ #..(.#
∆ #(...# ∆
#.(..# ∆∆ ∆
#....# ∆∆ ∆
#.∩∩.# ∆∆
######


You could see 3 mummies, 2 hobgoblin zombies and a kobold zombie.

Vanquished Creatures
  An orc priest (D:3)
  Jessica (D:2)
  A mummy (Ossuary)
  2 adders (D:4)
  A worm zombie (D:4)
  A worm (D:3)
  6 orcs (D:3)
  4 endoplasms
  A giant cockroach (D:4)
  2 gnoll zombies (Ossuary)
  10 goblins
  2 hobgoblins (D:1)
  3 quokkas
  9 ball pythons
  2 bats
  8 frilled lizards
  2 hobgoblin zombies (Ossuary)
  7 kobolds
  A kobold zombie (Ossuary)
  7 rats
71 creatures vanquished.

Vanquished Creatures (others)
  2 plants (D:4)
2 creatures vanquished.

Grand Total: 73 creatures vanquished

Notes
Turn   | Place    | Note
-------+----------+-------------------------------------------
     0 | D:1      | Crownlay the Gnoll Wanderer began the quest for the Orb.
     0 | D:1      | Crownlay set off with the following items: a +2 dagger, a
                  | potion of heal wounds, a +0 shortbow, 25 arrows, a scroll
                  | of teleportation, a +0 robe
     0 | D:1      | Reached XP level 1. HP: 26/26 MP: 1/1
   274 | D:1      | Reached XP level 2. HP: 33/33 MP: 2/2
   663 | D:1      | Reached XP level 3. HP: 38/38 MP: 3/3
  1271 | D:2      | Noticed Jessica
  1273 | D:2      | Killed Jessica
  1274 | D:2      | Reached skill level 1 in Short Blades
  1274 | D:2      | Reached skill level 1 in Long Blades
  1274 | D:2      | Reached skill level 1 in Axes
  1274 | D:2      | Reached skill level 1 in Maces & Flails
  1274 | D:2      | Reached skill level 1 in Staves
  1274 | D:2      | Reached skill level 1 in Slings
  1274 | D:2      | Reached skill level 1 in Crossbows
  1274 | D:2      | Reached skill level 1 in Throwing
  1274 | D:2      | Reached skill level 1 in Armour
  1274 | D:2      | Reached skill level 1 in Dodging
  1274 | D:2      | Reached skill level 1 in Shields
  1274 | D:2      | Reached skill level 1 in Unarmed Combat
  1274 | D:2      | Reached skill level 1 in Spellcasting
  1274 | D:2      | Reached skill level 1 in Invocations
  1274 | D:2      | Reached skill level 1 in Evocations
  1274 | D:2      | Reached XP level 4. HP: 45/45 MP: 5/5
  1841 | D:3      | Found a faded altar of an unknown god.
  1857 | D:3      | Became a worshipper of the Wu Jian Council
  1857 | D:3      | Reached * piety under Wu Jian
  1993 | D:3      | Reached skill level 1 in Conjurations
  1993 | D:3      | Reached skill level 1 in Hexes
  1993 | D:3      | Reached skill level 1 in Summonings
  1993 | D:3      | Reached skill level 1 in Necromancy
  1993 | D:3      | Reached skill level 1 in Translocations
  1993 | D:3      | Reached skill level 1 in Transmutations
  1993 | D:3      | Reached skill level 1 in Fire Magic
  1993 | D:3      | Reached skill level 1 in Ice Magic
  1993 | D:3      | Reached skill level 1 in Air Magic
  1993 | D:3      | Reached skill level 1 in Earth Magic
  1993 | D:3      | Reached skill level 1 in Poison Magic
  2407 | D:3      | Found an ornate altar of the Wu Jian Council.
  2594 | D:4      | Reached XP level 5. HP: 51/51 MP: 6/6
  2642 | D:4      | Identified the +6 spear "Tepam" {venom, *Noise rC+++ rN++
                  | Dex-4}
  2646 | D:4      | Found a sparkling altar of Nemelex Xobeh.
  2651 | D:4      | Found a transporter.
  2662 | D:4      | Found a transporter.
  2755 | D:4      | Found a basalt altar of Yredelemnul.
  2778 | D:4      | Found a sand-covered staircase.
  2796 | Ossuary  | Entered an ossuary
  2966 | Ossuary  | Reached ** piety under Wu Jian
  2970 | Ossuary  | Slain by a mummy

Illustrated notes

Levels and vault maps discovered:
D:1:      dpeg_arrival_water_temple_mockup, layout_loops_corners,
          kennysheep_decorative_pillar, hangedman_decor_peaks_small, st_stairs_1
D:2:      cheibrodos_helix_gallery, layout_basic, kennysheep_generic_room_14,
          uniq_jessica
D:3:      layout_loops_ring, marbit_many_paths, basic_ecumenical_altar,
          corexii_leaking_fountain
D:4:      layout_cave_pools, mainiacjoe_overflow_boulevard,
          yredelemnul_altar_generic, gammafunk_ghost_gnarly_gnolls,
          enter_ossuary_3, gup_sewer_entry_pipe
Ossuary:  ossuary_tomb_3

Skill      XL: |  1  2  3  4  5 |
---------------+----------------+-----
Short Blades   | 1 |  1.5
Long Blades    | 1 |  1.5
Axes           | 1 |  1.5
Maces & Flails | 1 |  1.5
Staves         | 1 |  1.5
Slings         | 1 |  1.5
Crossbows      | 1 |  1.5
Throwing       | 1 |  1.5
Armour         | 1 |  1.5
Dodging        | 1 |  1.5
Shields        | 1 |  1.5
Unarmed Combat | 1 |  1.5
Spellcasting   | 1 |  1.5
Invocations    | 1 |  1.7
Evocations     | 1 |  1.5
Conjurations   | 1 |  1.2
Hexes          | 1 |  1.2
Summonings     | 1 |  1.2
Necromancy     | 1 |  1.2
Translocations | 1 |  1.2
Transmutations | 1 |  1.2
Fire Magic     | 1 |  1.2
Ice Magic      | 1 |  1.2
Air Magic      | 1 |  1.2
Earth Magic    | 1 |  1.2
Poison Magic   | 1 |  1.2
Bows           | 3 |  3.0
Fighting       | |  8.6
Polearms       | |  6.7
Stealth        | |  4.4

Action                   |  1- 3 |  4- 6 || total
-------------------------+-------+-------++-------
Melee: Dagger            |       |    81 ||    81
       Bite              |       |    12 ||    12
 Fire: Shortbow          |    59 |    64 ||   123
Invok: Lunge             |       |     4 ||     4
       Whirlwind         |       |     4 ||     4
  Use: Scroll            |       |     2 ||     2
 Stab: Sleeping          |       |     2 ||     2
       Distracted        |       |     1 ||     1
Armor: Robe              |     3 |    11 ||    14
Dodge: Dodged            |     3 |    51 ||    54
